 Dungeon Crawl Stone Soup version 0.18-a0-884-gb6cfd45 (webtiles) character file.

100 Jmtri7 the Sneak (level 4, -2/39 HPs)
             Began as a Naga Enchanter on Dec 23, 2015.
             Was an Initiate of Okawaru.
             Slain by an orc warrior
             ... wielding a +0 battleaxe
              (22 damage)
             ... on level 6 of the Dungeon.
             The game lasted 00:18:03 (2346 turns).

Jmtri7 the Sneak (Naga Enchanter)                   Turns: 2346, Time: 00:18:03

Health: -2/39      AC:  9    Str: 12    XL:     4   Next: 73%
Magic:  5/7        EV:  9    Int: 23    God:    Okawaru [......]
Gold:   144        SH:  0    Dex: 11    Spells: 1 memorised, 6 levels left

rFire  . . .     SeeInvis +     f - +3 spear
rCold  . . .     Gourm    .     b - +1 robe
rNeg   . . .     Faith    .     (no shield)
rPois  +         Spirit   .     (no helmet)
rElec  .         Dismiss  .     (no cloak)
rCorr  .         Reflect  .     q - +5 pair of gloves of Ifeigain {Int+8}
SustAt .         Harm     .     (no barding)
MR     .....                    (no amulet)
Stlth  +++.......               (no ring)
                                (no ring)

@: drained, very slow, not resistant to hostile enchantments, fairly stealthy
A: see invisible, deformed body, poison resistance, slowness 2, slow metabolism
1, spit poison 2, AC +1
a: Spit Poison, Renounce Religion


You were on level 6 of the Dungeon.
You worshipped Okawaru.
Okawaru was noncommittal.
You were not hungry.

You visited 1 branch of the dungeon, and saw 4 of its levels.

You collected 144 gold pieces.

Inventory:

Hand Weapons
 a - a +1 dagger
 f - a +3 spear (weapon)
 m - a +0 trident
Missiles
 j - 10 poisoned needles (quivered)
Armour
 b - a +1 robe (worn)
 l - a +0 pair of gloves
 o - a +0 shield
 q - the +5 pair of gloves of Ifeigain (worn) {Int+8}
   (You found it on level 6 of the Dungeon)

   It affects your intelligence (+8).
Jewellery
 p - an uncursed amulet of harm
Scrolls
 g - 2 scrolls of identify {unknown}
 i - a scroll of fog {unknown}
 k - 4 scrolls of remove curse {unknown}
 n - a scroll of recharging {unknown}
Potions
 e - a potion of curing {unknown}
 h - 2 potions of brilliance {unknown}
Books
 c - a book of Maledictions

   Spells                             Type                      Level
   a - Corona                         Hexes                        1
   b - Ensorcelled Hibernation        Hexes/Ice                    2
   c - Confuse                        Hexes                        3
   d - Tukima's Dance                 Hexes                        3
   e - Dazzling Spray                 Conjuration/Hexes            3
Comestibles
 d - a bread ration


   Skills:
 + Level 2.1(1.4) Fighting
 - Level 2.0(1.3) Short Blades
 + Level 1.8(1.1) Polearms
 - Level 1.5(0.9) Dodging
 + Level 5.6(4.9) Stealth
 - Level 2.0(1.3) Spellcasting
 - Level 3.0(2.3) Hexes


You had 6 spell levels left.
You knew the following spells:

 Your Spells              Type           Power        Failure   Level  Hunger
a - Corona                Hex            ##.....      6%          1    #......


Dungeon Overview and Level Annotations

Branches:
Dungeon (3/15)

Altars:
Ashenzari
Elyvilon
Fedhas
Gozag
Kikubaaqudgha
Makhleb
Nemelex Xobeh
Okawaru
Pakellas
Qazlal
Sif Muna
Trog
Xom
The Shining One


Innate Abilities, Weirdness & Mutations

You cannot wear boots.
Your serpentine skin is tough (AC +1).
You have supernaturally acute eyesight.
Armour fits poorly on your strangely shaped body.
Your system is resistant to poisons.
You cover ground very slowly.
You have a slow metabolism.
You can spit poison.


Message History

The orc warrior hits you with a battleaxe!
You hit the orc warrior.
The orc warrior is lightly wounded.
The orc warrior hits you with a battleaxe.
Casting: Corona
Confirm with . or Enter, or press ? or * to list all spells.
Aiming: Corona
Press: ? - help, Shift-Dir - straight line, f/p - orc warrior
Aim: an orc warrior, wielding a battleaxe and wearing a glowing chain mail (lightly wounded, chance to defeat MR: 49%)
The orc warrior easily resists.
You completely miss the orc warrior.
The orc warrior is lightly wounded.
The orc warrior hits you with a battleaxe.
You barely miss the orc warrior.
The orc warrior is lightly wounded.
You closely miss the orc warrior.
The orc warrior is lightly wounded.
The orc warrior hits you with a battleaxe!!
Ouch! That really hurt!
You die...

##....... #.
#####..####.. #.#
#.....## #..# #..
#...### #.## .. #
#...# ###.##
#!##.##...##.....>.
..#............##
#.####...#.####
#@o#.....#.#
##o#.....#.#
#.o........#
#....oo.#.#.#.#.##
#.....#.o.......#
........#.#.#......
#######.........#..
#.#.#.#.#....
#.......##..#


You could see an orc warrior and 3 orcs.

Vanquished Creatures
  A centaur skeleton (D:6)
  3 adders
  A worker ant zombie (D:6)
  A worm (D:2)
  3 giant geckos
  3 bats
  3 giant cockroaches
  5 hobgoblins
  2 jackals (D:1)
  2 quokkas
  2 giant newts
  2 goblins (D:1)
  A kobold (D:1)
  5 rats
34 creatures vanquished.

Notes
Turn   | Place    | Note
--------------------------------------------------------------
     0 | D:1      | Jmtri7 the Naga Enchanter began the quest for the Orb.
     0 | D:1      | Reached XP level 1. HP: 15/15 MP: 3/3
   621 | D:1      | Reached skill level 1 in Fighting
   641 | D:1      | Reached XP level 2. HP: 18/25 MP: 5/5
  1706 | D:2      | Reached skill level 1 in Polearms
  1706 | D:2      | Reached XP level 3. HP: 22/31 MP: 6/6
  1928 | D:3      | Found a white marble altar of Elyvilon.
  1928 | D:3      | Found a sparkling altar of Nemelex Xobeh.
  1928 | D:3      | Found a deep blue altar of Sif Muna.
  1928 | D:3      | Found an oddly glowing altar of Pakellas.
  1928 | D:3      | Found an opulent altar of Gozag.
  1928 | D:3      | Found a shimmering altar of Xom.
  1928 | D:3      | Found a blossoming altar of Fedhas.
  1928 | D:3      | Found a stormy altar of Qazlal.
  1929 | D:3      | Found a burning altar of Makhleb.
  1930 | D:3      | Found a bloodstained altar of Trog.
  1931 | D:3      | Found an ancient bone altar of Kikubaaqudgha.
  1937 | D:3      | Reached skill level 5 in Stealth
  1950 | D:3      | Found a shattered altar of Ashenzari.
  1951 | D:3      | Found an iron altar of Okawaru.
  1952 | D:3      | Found a glowing golden altar of the Shining One.
  2009 | D:3      | Became a worshipper of Makhleb the Destroyer
  2018 | D:3      | Fell from the grace of Makhleb
  2018 | D:3      | Became a worshipper of Warmaster Okawaru
  2066 | D:3      | You fall through a shaft for 3 floors!
  2239 | D:6      | Got a pair of encrusted gloves
  2250 | D:6      | Identified the +5 pair of gloves of Ifeigain {Int+8} (You found it on level 6 of the Dungeon)
  2264 | D:6      | Reached XP level 4. HP: 37/39 MP: 5/7
  2334 | D:6      | Noticed an orc warrior
  2346 | D:6      | Slain by an orc warrior

Vault maps used:
D:1:      dpeg_arrival_castle, hangedman_decor_growths, minivault_27
D:3:      minitemple, first_bread
D:6:      serial_co_window_serial, co_window_paths_a, co_window_paths_b,
          co_window_paths_a, co_window_cross_1, co_window_corner_a,
          co_window_broadway_b, co_window_2corner, co_window_corner_cb,
          co_window_4corner_b, glass_columns_c, glass_columns_b,
          glass_columns_b, glass_columns_b, glass_columns_a, basic_altar,
          glass_columns_b

Action                   |  1- 3 |  4- 6 || total
-------------------------+-------+-------++-------
Melee: Spear             |    70 |    21 ||    91
       Dagger            |    12 |       ||    12
       Trident           |    32 |       ||    32
 Cast: Corona            |     4 |     4 ||     8
 Stab: Sleeping          |    11 |       ||    11
  Eat: Bread ration      |     1 |       ||     1
